 Dungeon Crawl Stone Soup version 0.29.1-1-gd02db6906a (webtiles) character file.

Game seed: 1110865410407861486

30752 quakins the Executioner (level 13, -6/113 HPs)
             Began as a Minotaur Berserker on Oct 1, 2022.
             Was an Elder of Trog.
             Mangled by Mlioglotl (13 damage)
             ... on level 1 of the Shoals.
             The game lasted 00:55:30 (15819 turns).

quakins the Executioner (Minotaur Berserker)       Turns: 15819, Time: 00:55:31

Health: -6/113     AC: 18    Str: 26    XL:     13   Next: 22%
Magic:  12/12      EV:  8    Int:  4    God:    Trog [****..]
Gold:   810        SH:  0    Dex: 15    Spells: 12/12 levels left

rFire   x . .      SeeInvis .   J - +2 battleaxe
rCold   + + +      Faith    +   (shield currently unavailable)
rNeg    + . .      Spirit   .   G - +3 plate armour
rPois   .          Reflect  .   (helmet restricted)
rElec   .          Harm     .   (no cloak)
rCorr   .          Rampage  .   s - +0 pair of gloves
Will    ++...                   H - +2 pair of boots
Stlth   ..........              c - amulet of Yesterday {Faith rC++ Dex+4}
HPRegen 1.28/turn               f - ring of ice
MPRegen 0.13/turn               k - ring of Free Expression {rC+ rN+}

@: strong-willed, on berserk cooldown, regenerating, slowed, very slow
A: horns 2, retaliatory headbutt
a: Renounce Religion, Berserk, Trog's Hand, Brothers in Arms


You were on level 1 of the Shoals.
You worshipped Trog.
Trog was greatly pleased with you.
You visited 3 branches of the dungeon, and saw 13 of its levels.

You collected 810 gold pieces.

Inventory:

Hand Weapons
 d - a +1 vorpal broad axe
 e - a +2 vampiric hand axe
 m - a +3 hand axe
 J - a +2 battleaxe (weapon)
Missiles
 F - a throwing net (quivered)
Armour
 s - a +0 pair of gloves (worn)
 G - a +3 plate armour (worn)
 H - a +2 pair of boots (worn)
Jewellery
 c - the amulet of Yesterday (around neck) {Faith rC++ Dex+4}
   (You acquired it on level 3 of the Lair of Beasts)

   [amulet of faith]

   It allows you to gain divine favour quickly.
   Dex:       It affects your dexterity (+4).
   rC:        It greatly protects you from cold.
 f - a ring of ice (left hand)
 j - a +4 ring of protection
 k - the ring of Free Expression (right hand) {rC+ rN+}
   (You found it on level 2 of the Dungeon)

   [ring of positive energy]

   rC:        It protects you from cold.
   rN:        It protects you from negative energy.
Scrolls
 g - a scroll of immolation
 r - 3 scrolls of magic mapping
 t - 3 scrolls of butterflies
 w - 2 scrolls of identify
 C - a scroll of brand weapon
 D - a scroll of silence
 E - 2 scrolls of amnesia
Potions
 a - 4 potions of brilliance
 b - a potion of haste
 h - 2 potions of attraction
 i - a potion of flight
 l - a potion of invisibility
 n - a potion of magic
 o - 4 potions of curing
 u - 2 potions of lignification
 v - 5 potions of cancellation
 z - 3 potions of mutation
 A - a potion of resistance
 B - 2 potions of ambrosia
 I - a potion of might
Miscellaneous
 x - a tin of tremorstones (2/2)


   Skills:
 * Level 10.1 Fighting
 - Level 24.2 Axes
 - Level 2.8 Armour
 - Level 2.5 Dodging


You had 12 spell levels left.
You didn't know any spells.
Your spell library was empty.

Dungeon Overview and Level Annotations

Branches:
Dungeon (9/15)             Temple (0/1) D:6            Lair (3/5) D:9
 Shoals (1/4) Lair:3       Spider (0/4) Lair:2
    Orc: D:9-12

Altars:
Ashenzari
Cheibriados
Fedhas
Gozag
Makhleb
Okawaru
Sif Muna
Uskayaw
Vehumet
Wu Jian
Xom
Zin
The Shining One

Shops:
D:4 =

Annotations:
Shoals:1 Mlioglotl


Innate Abilities, Weirdness & Mutations

You have a pair of horns on your head.
You reflexively headbutt those who attack you in melee.


Message History

Mlioglotl churns violently!
Mlioglotl corrupts the dungeon around him!
The orange demon screeches!
You slash Mlioglotl! You headbutt Mlioglotl!
Mlioglotl is lightly wounded.
You carefully extract the barbed spikes from your body.
Mlioglotl hits you but does no damage. Mlioglotl tramples you!
* * * LOW HITPOINT WARNING * * *
You stumble backwards!
As you read the scroll of fear, it crumbles to dust.
You assume a fearsome visage.
Mlioglotl easily resists.
The spriggan defender zombie is unaffected.
The orange demon looks frightened!
Mlioglotl hits you.
* * * LOW HITPOINT WARNING * * *
Mlioglotl tramples you.
* * * LOW HITPOINT WARNING * * *
You stumble backwards!
Mlioglotl hits you!
* * * LOW HITPOINT WARNING * * *
Mlioglotl closely misses you.
Okay, then.
You slash Mlioglotl!
You headbutt Mlioglotl, but do no damage.
Mlioglotl is moderately wounded.
Mlioglotl completely misses you.
Mlioglotl tramples you but does no damage.
Mlioglotl churns violently!
Mlioglotl corrupts the dungeon around him!
You barely miss Mlioglotl.
Mlioglotl is moderately wounded.
Mlioglotl hits you.
* * * LOW HITPOINT WARNING * * *
Mlioglotl tramples you.
* * * LOW HITPOINT WARNING * * *
You stumble backwards!
You slice Mlioglotl!!
Mlioglotl is heavily wounded.
Mlioglotl churns violently!
Mlioglotl seems to grow stronger.
Mlioglotl closely misses you. Mlioglotl tramples you!
You die...

X~~~ .~~~~ ≈ .~~~≈ ≈.
### ..~~~≈ ~m. ##.#
..~~~~ .... ##..##
#.~H~~~
.....##....####..~~~~~
..[....#...@X...~~4~~~
...~~~.<~.#)†.Z~~~~~~.
...~~~~~~....~~~~~~~~~
..~~~~~~~.###~~~~~~~~~
..~~~~~~~.# #.~~~~~~~~
..~~~~~~~.# #.~~~~~~~~
[.~~~~~~~.. .#.~~~≈~~~
..~~~≈~~~..###.~~~≈≈≈~
~~~~≈≈≈~~.## #..~~≈≈≈≈


You could see Mlioglotl (strong), an orange demon (summoned, fleeing), a
manticore and a spriggan defender zombie (summoned).

Vanquished Creatures
  A hydra (Lair:3)
  A boulder beetle (Lair:1)
  Erica (D:8)
  4 death yaks (Lair:2)
  A wolf spider (Lair:2)
  10 elephants
  3 black mambas
  2 rime drakes
  A gargoyle (D:9)
  The ghost of CougarLife the Chopper, a novice DsGl of Okawaru (D:5)
  Psyche (D:8)
  8 cane toads
  4 komodo dragons
  3 polar bears (Lair:3)
  Grinder (D:3)
  A merfolk (Shoals:1)
  19 blink frogs
  A wind drake (Shoals:1)
  A jumping spider (Lair:2)
  A shadow (D:9)
  A wraith (D:9)
  A wyvern (Lair:2)
  24 yaks
  3 basilisks
  A redback (Lair:2)
  3 steam dragons
  An acid dragon (D:9)
  9 water moccasins
  2 black bears
  5 orc warriors
  Duvessa (D:7)
  4 ice beasts
  An ogre (D:5)
  4 sky beasts
  4 boggarts (Lair:3)
  2 centaurs
  Blork the orc (D:5)
  5 kobold brigands
  6 necrophages
  8 bullfrogs
  2 scorpions
  3 wights (D:7)
  Dowan (D:7)
  12 killer bees
  A howler monkey (D:8)
  A crimson imp (D:9)
  7 hounds
  A gnoll bouda (D:7)
  5 orc priests
  A jelly (D:6)
  6 iguanas
  Terence (D:3)
  Ijyb (D:5)
  6 orc wizards
  5 hell rats (Lair:2)
  Robin (D:4)
  3 gnolls (D:2)
  12 adders
  A shadow imp (D:7)
  2 white imps
  An ufetubus (D:5)
  4 dart slugs
  35 orcs
  9 ball pythons
  6 bats
  2 endoplasms (D:1)
  4 giant cockroaches
  17 goblins
  14 hobgoblins
  22 kobolds
  2 quokkas (D:2)
  3 frilled lizards
  7 rats
  A butterfly (Lair:2)
350 creatures vanquished.

Vanquished Creatures (collateral kills)
  A catoblepas (Lair:1)
  3 yaks (Lair:1)
  A steam dragon (Lair:1)
  A butterfly (Lair:1)
6 creatures vanquished.

Vanquished Creatures (others)
  20 fungi
  24 plants
44 creatures vanquished.

Grand Total: 400 creatures vanquished

Notes
Turn   | Place    | Note
-------+----------+-------------------------------------------
     0 | D:1      | quakins the Minotaur Berserker began the quest for the Orb.
     0 | D:1      | Reached XP level 1. HP: 19/19 MP: 0/0
   137 | D:1      | Found a faded altar of an unknown god.
   280 | D:1      | Reached XP level 2. HP: 27/27 MP: 1/1
   771 | D:1      | Reached skill level 4 in Axes
  1017 | D:1      | Identified a scroll of acquirement
  1017 | D:1      | Acquired a +1 vorpal broad axe
  1053 | D:2      | Reached XP level 3. HP: 30/33 MP: 2/2
  1336 | D:2      | Reached ** piety under Trog
  1351 | D:2      | Reached skill level 5 in Axes
  1688 | D:2      | Identified the ring of Free Expression {rC+ rN+}
  1720 | D:2      | Reached XP level 4. HP: 36/40 MP: 3/3
  2476 | D:3      | Found a hide-covered altar of Uskayaw.
  2512 | D:3      | Reached skill level 6 in Axes
  2516 | D:3      | Reached XP level 5. HP: 36/46 MP: 4/4
  2639 | D:3      | Noticed Grinder
  2656 | D:3      | Killed Grinder
  2657 | D:3      | Reached skill level 8 in Axes
  2657 | D:3      | Reached XP level 6. HP: 37/52 MP: 5/5
  2938 | D:3      | Noticed Terence
  2943 | D:3      | Killed Terence
  2943 | D:3      | Reached *** piety under Trog
  3250 | D:4      | Noticed Robin
  3255 | D:4      | Reached skill level 9 in Axes
  3255 | D:4      | Reached XP level 7. HP: 58/58 MP: 6/6
  3263 | D:4      | Killed Robin
  3417 | D:4      | Found a shimmering blue altar of Sif Muna.
  3514 | D:4      | Found Awkeku's Jewellery Emporium.
  3540 | D:4      | Found a glowing golden altar of the Shining One.
  3547 | D:4      | Found a glowing silver altar of Zin.
  3628 | D:4      | Reached skill level 10 in Axes
  4156 | D:5      | Entered Level 5 of the Dungeon
  4229 | D:5      | Found an opulent altar of Gozag.
  4236 | D:5      | Noticed CougarLife's ghost (novice DsGl)
  4237 | D:5      | Found a transporter.
  4348 | D:5      | Reached **** piety under Trog
  4464 | D:5      | Found a transporter.
  4504 | D:5      | Reached skill level 11 in Axes
  4508 | D:5      | Killed CougarLife's ghost
  4509 | D:5      | Reached XP level 8. HP: 43/66 MP: 7/7
  4849 | D:5      | Noticed Blork the orc
  4860 | D:5      | Killed Blork the orc
  4861 | D:5      | Reached skill level 12 in Axes
  4970 | D:5      | Noticed Ijyb
  4973 | D:5      | Killed Ijyb
  5375 | D:6      | Reached skill level 13 in Axes
  5479 | D:6      | Found an ornate altar of the Wu Jian Council.
  5599 | D:6      | Found a staircase to the Ecumenical Temple.
  6134 | D:7      | Reached skill level 14 in Axes
  6134 | D:7      | Reached XP level 9. HP: 67/71 MP: 8/8
  6502 | D:7      | Noticed Duvessa
  6511 | D:7      | Killed Duvessa
  6512 | D:7      | Reached skill level 15 in Axes
  6519 | D:7      | Noticed Dowan
  6535 | D:7      | Killed Dowan
  6771 | D:7      | Reached skill level 16 in Axes
  7159 | D:7      | Found a broken altar of Ashenzari.
  7286 | D:8      | Found a radiant altar of Vehumet.
  7429 | D:8      | Found a blossoming altar of Fedhas.
  7487 | D:8      | Noticed Psyche
  7491 | D:8      | Killed Psyche
  7492 | D:8      | Reached XP level 10. HP: 59/78 MP: 9/9
  7637 | D:8      | Reached skill level 17 in Axes
  8427 | D:8      | Noticed Erica
  8433 | D:8      | Killed Erica
  8635 | D:9      | Reached ***** piety under Trog
  8636 | D:9      | Reached skill level 18 in Axes
  9202 | D:9      | Found a staircase to the Lair.
  9535 | D:9      | Noticed a gargoyle
  9544 | D:9      | Killed a gargoyle
  9545 | D:9      | Reached skill level 19 in Axes
  9684 | D:9      | Found a snail-covered altar of Cheibriados.
  9835 | D:9      | Received a gift from Trog
  9872 | D:9      | Found a burning altar of Makhleb.
  9872 | D:9      | Found a shimmering altar of Xom.
  9908 | Lair:1   | Entered Level 1 of the Lair of Beasts
  9908 | Lair:1   | Noticed an elephant
  9908 | Lair:1   | Noticed a boulder beetle
  9909 | Lair:1   | Noticed an elephant
  9912 | Lair:1   | Noticed an elephant
  9920 | Lair:1   | Killed a boulder beetle
  9921 | Lair:1   | Killed an elephant
  9922 | Lair:1   | Reached XP level 11. HP: 29/83 MP: 10/10
  9935 | Lair:1   | Reached skill level 20 in Axes
 10510 | Lair:1   | Found an iron altar of Okawaru.
 10801 | Lair:1   | Reached skill level 21 in Axes
 10828 | Lair:1   | Noticed a catoblepas
 10840 | Lair:1   | Killed a catoblepas
 11720 | Lair:2   | Reached skill level 22 in Axes
 11748 | Lair:2   | Noticed a death yak
 11971 | Lair:2   | Noticed a death yak
 11972 | Lair:2   | Noticed a death yak
 11992 | Lair:2   | Noticed a death yak
 11994 | Lair:2   | Killed a death yak
 11995 | Lair:2   | Reached XP level 12. HP: 79/91 MP: 11/11
 12009 | Lair:2   | Killed a death yak
 12020 | Lair:2   | Killed a death yak
 12027 | Lair:2   | Killed a death yak
 12270 | Lair:2   | Reached skill level 23 in Axes
 12938 | Lair:3   | Found an ornate altar of the Wu Jian Council.
 13320 | Lair:3   | Reached skill level 24 in Axes
 13719 | Lair:3   | Noticed a catoblepas
 13731 | Lair:3   | Reached skill level 5 in Fighting
 14321 | Lair:3   | Found a staircase to the Shoals.
 14505 | Lair:3   | Noticed a six-headed hydra
 14524 | Lair:3   | Killed an eight-headed hydra
 14744 | Lair:3   | Acquired the amulet of Yesterday {Faith rC++ Dex+4}
 14793 | Lair:3   | Reached XP level 13. HP: 104/107 MP: 12/12
 15489 | Lair:2   | Found a hole to the Spider Nest.
 15781 | Shoals:1 | Entered Level 1 of the Shoals
 15805 | Shoals:1 | Reached skill level 10 in Fighting
 15809 | Shoals:1 | Noticed Mlioglotl
 15809 | Shoals:1 | Noticed a merfolk impaler
 15813 | Shoals:1 | Noticed a bone dragon
 15818 | Shoals:1 | HP: 5/113 [Mlioglotl (3)]
 15819 | Shoals:1 | Mangled by Mlioglotl

Illustrated notes

Levels and vault maps discovered:
D:1:      dpeg_arrival_boxorama, layout_loops_ring,
          shapermc_ecumenical_altar_totnotflames, minmay_strange_pillars,
          minmay_misc_feat_diagonals, st_stairs_11
D:2:      layout_basic
D:3:      layout_rooms, nicolae_uskayaw_murder_on_the_dancefloor,
          minmay_fractal_squares_diagonal_5, uniq_grinder, uniq_terence
D:4:      layout_basic, amcnicky_altar_gilded,
          mainiacjoe_overflow_large_starburst, serial_shops, shop,
          chequers_big_river, uniq_robin
D:5:      cheibrodos_quashed, layout_basic, overflow_temple_1_default,
          gammafunk_ghost_smash, uniq_blork_the_orc, uniq_ijyb
D:6:      layout_gridville, overflow_temple_1_default, minmay_temple_entry_hall,
          serial_park_tiny_pond
D:7:      layout_loops_ring, kennysheep_little_box, minmay_bent, uniq_duvessa
D:8:      layout_basic, overflow_temple_1_default, fedhas_altar_fruit_tree,
          patterned_corridor, uniq_psyche, uniq_erica
D:9:      layout_basic, grunt_temple_overflow_champion_of_chaos,
          mainiacjoe_overflow_surrounded_room, dpeg_oklobed_lair
Lair:1:   layout_misc_corridors, basic_altar, chequers_serial_rivers_micro_c,
          infiniplex_staircase_pool_2, grunt_megastairs_3, lemuel_fruit_fields
Lair:2:   layout_gridlike, spider_nest_entry_funnel_web, roderic_carrion_pond,
          lemuel_fruit_fields
Lair:3:   layout_regular_city, elwin_shoals_entry_rocks, basic_altar,
          kilobyte_rumbling_trees
Shoals:1: layout_shoals, serial_shops, shop_statue,
          nicolae_shoals_lost_giant_hut, uniq_mlioglotl

Skill      XL: |  1  2  3  4  5  6  7  8  9 10 11 12 13 |
---------------+----------------------------------------+-----
Axes           | 4 5 6 8 9 11 14 16 19 22 24 | 24.2
Fighting       | 7 10 | 10.1
Armour         | |  2.8
Dodging        | |  2.5

Action                   |  1- 3 |  4- 6 |  7- 9 | 10-12 | 13-15 || total
-------------------------+-------+-------+-------+-------+-------++-------
Melee: Hand axe          |    23 |       |       |       |       ||    23
       Headbutt          |     6 |     8 |    35 |    90 |    15 ||   154
       Broad axe         |    32 |    58 |   293 |   139 |       ||   522
       Punch             |       |       |     3 |       |       ||     3
       Battleaxe         |       |       |       |   353 |    79 ||   432
Throw: Throwing net      |       |       |       |     1 |       ||     1
Invok: Berserk           |     2 |     2 |     4 |     8 |     2 ||    18
       Trog's Hand       |       |     1 |     1 |     7 |     1 ||    10
       Brothers in Arms  |       |       |       |     2 |       ||     2
  Use: Scroll            |     5 |     4 |    10 |     9 |     2 ||    30
       Potion            |       |     1 |     5 |     2 |       ||     8
 Stab: Petrified         |       |       |       |     1 |       ||     1
Armor: Animal skin       |    12 |     7 |       |       |       ||    19
       Ring mail         |       |     5 |       |       |       ||     5
       Chain mail        |       |    22 |    25 |       |       ||    47
       Plate armour      |       |       |   163 |   270 |    38 ||   471
Dodge: Dodged            |    47 |    39 |    69 |   109 |    21 ||   285
